 Dungeon Crawl Stone Soup version 0.17-a0-1951-g62301d3 (webtiles) character file.

1131 4thArraOfDagon the Cleaver (level 8, -15/71 HPs)
             Began as a Minotaur Berserker on Oct 2, 2015.
             Was a Believer of Trog.
             Demolished by a two-headed ogre
             ... wielding a +0 giant club
              (21 damage)
             ... on level 9 of the Dungeon.
             The game lasted 00:04:40 (934 turns).

4thArraOfDagon the Cleaver (Minotaur Berserker)      Turns: 934, Time: 00:04:40

Health: -15/71     AC:  6    Str: 24    XL:     8   Next: 13%
Magic:  7/7        EV: 11    Int:  4    God:    Trog [**....]
Gold:   163        SH:  0    Dex: 10    Spells: 0 memorised, 7 levels left

rFire  . . .     SeeInvis .     a - +1 hand axe
rCold  . . .     Clarity  .     g - +0 ring mail (curse)
rNeg   . . .     SustAt   .     (no shield)
rPois  .         Gourm    .     (helmet restricted)
rElec  .         Spirit   .     (no cloak)
rCorr  .         Warding  .     (no gloves)
rMut   .         Stasis   .     (no boots)
MR     .....                    (no amulet)
Stlth  ..........               (no ring)
                                (no ring)

@: lethally poisoned (-15 -> -15), exhausted, slowed, very slow, not resistant
to hostile enchantments, extremely unstealthy
A: retaliatory headbutt, horns 2
a: Burn Spellbooks, Berserk, Trog's Hand, Renounce Religion


You were on level 9 of the Dungeon.
You worshipped Trog.
Trog was pleased with you.
You were not hungry.

You visited 1 branch of the dungeon, and saw 9 of its levels.

You collected 163 gold pieces.

Inventory:

Hand weapons
 a - a +1 hand axe (weapon)
Missiles
 b - 7 javelins (quivered)
Armour
 g - a cursed +0 ring mail (worn)
 h - a +1 ring mail of fire resistance
 j - a +0 chain mail
Magical devices
 m - a wand of paralysis (2)
Scrolls
 d - a scroll of identify
 f - 2 scrolls of enchant armour
Books
 e - a book of Dreams

   Spells                             Type                      Level
   a - Ensorcelled Hibernation        Hexes/Ice                    2
   b - Phase Shift                    Translocation                5
   c - Shadow Creatures               Summoning                    5
   d - Silence                        Hexes/Air                    5
   e - Darkness                       Hexes                        6
   f - Mass Confusion                 Hexes                        6
   Trog disapproves of the use of such an item.
 k - a book of Conjurations

   Spells                             Type                      Level
   a - Magic Dart                     Conjuration                  1
   b - Searing Ray                    Conjuration                  2
   c - Dazzling Spray                 Conjuration/Hexes            3
   d - Fulminant Prism                Conjuration/Hexes            4
   e - Iskenderun's Mystic Blast      Conjuration                  4
   f - Iskenderun's Battlesphere      Conjuration/Charms           5
   Trog disapproves of the use of such an item.
Comestibles
 c - 5 bread rations
 n - 2 meat rations


   Skills:
 + Level 6.8 Fighting
 * Level 9.0 Axes
 + Level 6.1 Armour
 - Level 2.1 Dodging


You had 7 spell levels left.
You didn't know any spells.

Dungeon Overview and Level Annotations

Branches:
Dungeon (9/15)
 Temple: D:4-7         Lair: D:8-11         Orc: D:9-12

Altars:
Cheibriados


Innate Abilities, Weirdness & Mutations

You reflexively headbutt those who attack you in melee.
You have a pair of horns on your head.


Message History

Evoke which item? (* to show all) (? for menu, Esc to quit)
Zapping:
m - a wand of paralysis (4)
Press: ? - help, Shift-Dir - straight line, f/p - two-headed ogre
Aim: a two-headed ogre, wielding two giant clubs (chance to defeat MR: 28%)
The two-headed ogre easily resists.
This wand has 3 charges left.
You feel sick. The two-headed ogre barely misses you.
The two-headed ogre hits you with a giant club!
* * * LOW HITPOINT WARNING * * *
Unknown command.
Evoke which item? (* to show all) (? for menu, Esc to quit)
Zapping:
m - a wand of paralysis (3)
Press: ? - help, Shift-Dir - straight line, f/p - two-headed ogre
Aim: a two-headed ogre, wielding two giant clubs (chance to defeat MR: 28%)
The two-headed ogre easily resists.
This wand has 2 charges left.
The two-headed ogre closely misses you. You furiously retaliate!
You headbutt the two-headed ogre!
The two-headed ogre hits you with a giant club!
* * * LOW HITPOINT WARNING * * *
The two-headed ogre hits you with a giant club!!
You die...

.......## ........####
............##
......)....)### ..#
..............#
#..###...###†......#
........#.# #......#####
........#.####O#.).....#
......#........@##.#####
#...................#
#.#...#..........##.#
#................# #
.....###.##..###.#
#................
#.####.##.........
#..#.##.#..... ##.#.#
.$#....


You could see a two-headed ogre.

Vanquished Creatures
  A troll (D:9)
  A deep elf mage (D:9)
  A spriggan (D:8)
  A sky beast (D:8)
  A phantom (D:4)
  An ogre (D:9)
  2 giant frogs
  A scorpion (D:9)
  An orc priest (D:3)
  A worker ant (D:4)
  An orc wizard (D:3)
  A gnoll (D:4)
  3 adders
  A worm (D:6)
  A giant gecko (D:6)
  4 orcs
  3 goblins
  A hobgoblin (D:1)
  7 jackals (D:1)
  2 kobolds
  A ball python (D:1)
  A bat (D:1)
  2 giant cockroaches
  3 giant newts
  A quokka (D:4)
  3 rats
46 creatures vanquished.

Notes
Turn   | Place    | Note
--------------------------------------------------------------
     0 | D:1      | 4thArraOfDagon the Minotaur Berserker began the quest for the Orb.
     0 | D:1      | Reached XP level 1. HP: 19/19 MP: 0/0
   107 | D:1      | Reached skill level 4 in Axes
   192 | D:1      | Reached XP level 2. HP: 18/27 MP: 1/1
   273 | D:3      | HP: 2/40 [orc/trident (7)]
   275 | D:3      | Reached XP level 3. HP: 2/33 MP: 2/2
   277 | D:3      | Acquired Trog's second power
   328 | D:3      | Reached skill level 5 in Axes
   328 | D:3      | Reached XP level 4. HP: 29/41 MP: 3/3
   532 | D:4      | Noticed a giant frog
   532 | D:4      | Noticed a phantom
   537 | D:4      | Killed a giant frog
   537 | D:4      | Reached XP level 5. HP: 36/47 MP: 4/4
   548 | D:4      | Killed a phantom
   548 | D:4      | Reached skill level 5 in Fighting
   548 | D:4      | Reached skill level 6 in Axes
   548 | D:4      | Reached XP level 6. HP: 36/56 MP: 5/5
   606 | D:5      | Entered Level 5 of the Dungeon
   696 | D:6      | Found a snail-covered altar of Cheibriados.
   814 | D:8      | Reached skill level 7 in Axes
   848 | D:8      | Noticed a spriggan baker
   859 | D:8      | Killed a spriggan baker
   859 | D:8      | Reached skill level 5 in Armour
   859 | D:8      | Reached XP level 7. HP: 48/62 MP: 6/6
   886 | D:9      | Noticed a troll
   896 | D:9      | Noticed a deep elf mage
   904 | D:9      | Killed a troll
   904 | D:9      | Reached skill level 8 in Axes
   905 | D:9      | Killed a deep elf mage
   905 | D:9      | Reached XP level 8. HP: 71/71 MP: 7/7
   920 | D:9      | Reached skill level 9 in Axes
   924 | D:9      | Noticed a two-headed ogre
   934 | D:9      | Demolished by a two-headed ogre

Vault maps used:
D:1:      dpeg_arrival_windows_large_door
D:2:      uniq_robin, uniq_jessica, uniq_sigmund
D:3:      lemuel_crystal_altar
D:4:      first_bread, minmay_divided_ellipse, uniq_edmund
D:5:      yredelemnul_forgotten_temple_becter
D:6:      lemuel_slime, slow_altar_1, okawaru_gym_becter,
          minmay_misc_feat_doors, fedhas_altar_1
D:7:      kennysheep_big_flooded_room, minmay_temple_entry_glassed_door
D:8:      kennysheep_mini_moat, serial_shops, kennysheep_mini, shop, the_bakery,
          uniq_erica
D:9:      grunt_qazlal_clouds, nemelex_deck

Action                   |  1- 3 |  4- 6 |  7- 9 || total
-------------------------+-------+-------+-------++-------
Melee: Hand axe          |    46 |    57 |    14 ||   117
Throw: Javelin           |       |       |     1 ||     1
Invok: Berserk           |     2 |     3 |     1 ||     6
       Trog's Hand       |     1 |     2 |     1 ||     4
Evoke: Wand              |       |     3 |     4 ||     7
  Use: Potion            |     2 |       |       ||     2
       Scroll            |       |     7 |       ||     7
 Stab: Paralysed         |       |     4 |       ||     4
  Eat: Chunk             |       |     5 |     2 ||     7
